 Dungeon Crawl Stone Soup version 0.19-a0-957-gf4ea323 (webtiles) character file.

12351 Implojin the Grappler (level 11, -30/123 HPs)
             Began as a Troll Fighter on July 11, 2016.
             Was a High Priest of Okawaru.
             Annihilated by an ettin
             ... wielding a +3 dire flail
              (34 damage)
             ... on level 15 of the Dungeon.
             The game lasted 00:21:13 (3233 turns).

Implojin the Grappler (Troll Fighter)               Turns: 3233, Time: 00:21:13

Health: -30/123    AC:  6    Str: 26    XL:     11   Next: 61%
Magic:  8/10       EV: 13    Int:  4    God:    Okawaru [*****.]
Gold:   144        SH: 11    Dex: 12    Spells: 0 memorised, 10 levels left

rFire  . . .     SeeInvis .       - Unarmed
rCold  + . .     Gourm    +     I - troll hide
rNeg   . . .     Faith    .     b - +0 shield
rPois  .         Spirit   .     y - +1 hat
rElec  .         Dismiss  .     (no cloak)
rCorr  .         Reflect  .     (gloves unavailable)
SustAt .         Harm     .     (boots unavailable)
MR     .....     Rnd*Tele +     x - amulet of rage
Stlth  ++........               w - ring of teleportation (curse)
                                i - ring of protection from cold

@: heroism, not resistant to hostile enchantments, unstealthy
A: unfitting armour, claws 3, fast metabolism 3, gourmand, regeneration 2,
shaggy fur 1, tough skin 2
a: Heroism, Finesse, Renounce Religion, Evoke Berserk Rage


You were on level 15 of the Dungeon.
You worshipped Okawaru.
Okawaru was extremely pleased with you.
You were not hungry.

You visited 2 branches of the dungeon, and saw 16 of its levels.

You collected 144 gold pieces.

Inventory:

Hand Weapons
 c - a +4 hand axe
 f - a +0 flail
 k - the +9 falchion of Poverty {drain, rElec SInv, unknown}
   (You found it on level 4 of the Dungeon)

   A truly terrible weapon, it drains the life of those it strikes.
   It insulates you from electricity.
   It lets you see invisible.
 D - a +0 morningstar of draining
 E - a +0 morningstar
Missiles
 n - 4 tomahawks
 r - 4 large rocks (quivered)
 t - 3 curare-tipped needles
Armour
 a - a +0 robe
 b - a +0 shield (worn)
 y - a +1 hat (worn)
 I - a troll hide (worn)
Jewellery
 i - a ring of protection from cold (left claw)
 w - a cursed ring of teleportation (right claw)
 x - an amulet of rage (around neck)
Wands
 q - a wand of polymorph (20/24)
Scrolls
 e - a scroll of silence
 A - a scroll of amnesia
Potions
 g - a potion of resistance
 j - a potion of invisibility
 l - 6 potions of curing
 m - a potion of flight
 o - a potion of lignification
 p - 2 potions of heal wounds
 u - a potion of mutation
 v - 2 potions of cancellation
 z - a potion of haste
 B - a potion of brilliance {unknown}
 C - a potion of berserk rage
 K - a potion of might
Books
 G - a book of Flames

   Spells                             Type                      Level
   a - Flame Tongue                   Conjuration/Fire             1
   b - Throw Flame                    Conjuration/Fire             2
   c - Conjure Flame                  Conjuration/Fire             3
   d - Inner Flame                    Hexes/Fire                   3
   e - Sticky Flame                   Conjuration/Fire             4
   f - Fireball                       Conjuration/Fire             5
Comestibles
 d - 4 bread rations
 h - 2 beef jerkies
 s - 2 slices of pizza


   Skills:
 - Level 12.0(17.0) Fighting
 - Level 2.4(7.4) Dodging
 * Level 3.1(8.1) Shields
 - Level 12.0(17.0) Unarmed Combat


You had 10 spell levels left.
You didn't know any spells.

Dungeon Overview and Level Annotations

Branches:
Dungeon (15/15)            Temple (1/1) D:4            Lair (0/6) D:11
 Depths (0/5) D:15
    Orc: D:9-12      Vaults: D:13-14

Altars:
Ashenzari
Dithmenos
Elyvilon
Fedhas
Gozag
Kikubaaqudgha
Nemelex Xobeh
Okawaru
Pakellas
Trog
Uskayaw
Vehumet
Xom

Portals:
Bazaar: D:14


Innate Abilities, Weirdness & Mutations

You are too large for most types of armour.
You have claws for hands.
Your metabolism is lightning-fast.
You like to eat raw meat.
You heal very quickly.
You are covered in fur. (AC +1)
You have very tough skin. (AC +2)


Message History

Things that are here:
a glowing buckler; a leather armour; a long sword
There is a stone staircase leading down, spattered with blood here.
You climb downwards.
There is a stone staircase leading up here.
Unknown command.
There is an open door, spattered with blood here.
Found 2 potions of curing.
Found a staircase to the Depths.
Found a glowing hat.
l - 6 potions of curing (gained 2)
The ettin shouts in stereo!
You gain the combat prowess of a mighty hero.
An ice beast comes into view.
The ice beast moves out of view.
You scratch the ettin but do no damage. You block the ettin's attack.
The ettin hits you with a dire flail.
You scratch the ettin but do no damage. The ettin misses you.
The ettin hits you with a dire flail!!
You hear a shout!
You scratch the ettin.
The ettin is lightly wounded.
You eviscerate the ettin!!!
The ettin is severely wounded.
You hear a shout!
You block the ettin's attack. x2
You barely miss the ettin.
The ettin is severely wounded.
The ettin hits you with an enchanted dire flail!!
* * * LOW HITPOINT WARNING * * *
The ettin hits you with a dire flail!!!
* * * LOW HITPOINT WARNING * * *
Unknown command.
You scratch the ettin but do no damage.
The ettin is severely wounded.
You claw the ettin!
The ettin is severely wounded.
The ettin hits you with an enchanted dire flail!!
* * * LOW HITPOINT WARNING * * *
The ettin hits you with a dire flail!!
You die...

... ... .. .. [#
#. Y# ..# .
#####C#.... ..
#...@.#.. ....
#..#.#.# .....
#.#...#..
......#.....# ##
.......#..>#....
##.###.####......
#....#..........
#...............
#....#.........


You could see an ettin and an ice beast.

Vanquished Creatures
  Gastronok (D:11)
  A tengu warrior (D:14)
  A skeletal warrior (D:14)
  An unseen horror (D:14)
  4 hill giants
  Joseph (D:9)
  2 centaur skeletons
  A gargoyle (D:14)
  2 trolls (D:14)
  3 slime creatures (D:13)
  A hornet zombie (D:13)
  2 wyverns
  Eustachio (D:6)
  A vampire (D:10)
  6 yaks (D:10)
  A hippogriff (D:12)
  A hungry ghost (D:13)
  2 vampire mosquitoes (D:14)
  4 orc warriors
  2 sky beasts
  A wasp (D:13)
  2 ogres
  2 centaurs
  A big kobold (D:12)
  3 giant frogs
  A wyvern zombie (D:10)
  2 scorpions
  A wyvern skeleton (D:13)
  3 killer bees (D:10)
  4 wights (D:11)
  An electric eel (D:14)
  A howler monkey (D:5)
  2 centaur zombies
  A giant frog zombie (D:8)
  A jelly (D:14)
  5 orc priests
  3 hounds
  7 orc wizards
  A quasit (D:10)
  A giant frog skeleton (D:6)
  4 worker ants
  A worker ant zombie (D:6)
  2 adders
  4 gnolls
  3 river rats (D:11)
  A shadow imp (D:5)
  2 oozes
  An adder zombie (D:6)
  A worm (D:2)
  5 giant geckos
  25 orcs
  A giant cockroach (D:8)
  3 goblins
  2 hobgoblins
  6 jackals
  5 kobolds
  2 quokkas
  6 bats (D:11)
  A giant gecko zombie (D:7)
  3 giant newts
  6 rats
165 creatures vanquished.

Vanquished Creatures (others)
  An orc (D:4)
1 creature vanquished.

Grand Total: 166 creatures vanquished

Notes
Turn   | Place    | Note
-------+----------+-------------------------------------------
     0 | D:1      | Implojin the Troll Fighter began the quest for the Orb.
     0 | D:1      | Reached XP level 1. HP: 22/22 MP: 0/0
    68 | D:2      | Reached XP level 2. HP: 22/29 MP: 1/1
   122 | D:3      | Reached skill level 3 in Unarmed Combat
   281 | D:4      | Reached skill level 4 in Unarmed Combat
   281 | D:4      | Reached XP level 3. HP: 12/36 MP: 2/2
   282 | D:4      | Reached XP level 4. HP: 12/44 MP: 3/3
   317 | D:4      | Got a translucent falchion
   333 | D:5      | Entered Level 5 of the Dungeon
   470 | D:6      | Noticed an orc warrior
   482 | D:6      | Reached skill level 5 in Unarmed Combat
   488 | D:6      | Killed an orc warrior
   488 | D:6      | Reached skill level 6 in Unarmed Combat
   488 | D:6      | Reached XP level 5. HP: 50/50 MP: 4/4
   499 | D:6      | Reached XP level 6. HP: 59/59 MP: 5/5
   628 | D:6      | Found a sparkling altar of Nemelex Xobeh.
   629 | D:6      | Found an opulent altar of Gozag.
   705 | D:6      | Reached skill level 7 in Unarmed Combat
   738 | D:6      | Noticed Eustachio
   755 | D:7      | Found an ancient bone altar of Kikubaaqudgha.
   790 | D:6      | Killed Eustachio
   790 | D:6      | Reached XP level 7. HP: 59/66 MP: 6/6
   814 | D:6      | Reached skill level 8 in Unarmed Combat
  1207 | D:4      | Reached skill level 9 in Unarmed Combat
  1210 | D:4      | Found a staircase to the Ecumenical Temple.
  1219 | Temple   | Entered the Ecumenical Temple
  1295 | Temple   | Became a worshipper of Warmaster Okawaru
  1515 | D:8      | Noticed a wyvern
  1519 | D:8      | Killed a wyvern
  1519 | D:8      | Reached XP level 8. HP: 55/74 MP: 7/7
  1635 | D:8      | Reached skill level 10 in Unarmed Combat
  1644 | D:8      | Found a radiant altar of Vehumet.
  1781 | D:9      | Noticed Joseph
  1803 | D:9      | Killed Joseph
  1803 | D:9      | Reached * piety under Okawaru
  1803 | D:9      | Reached skill level 11 in Unarmed Combat
  1858 | D:10     | Entered Level 10 of the Dungeon
  1858 | D:10     | Noticed a hill giant
  1883 | D:10     | Killed a hill giant
  1883 | D:10     | Reached ** piety under Okawaru
  1883 | D:10     | Reached XP level 9. HP: 21/80 MP: 5/8
  1914 | D:10     | Reached skill level 12 in Unarmed Combat
  1935 | D:10     | Reached skill level 3 in Fighting
  1955 | D:10     | Reached skill level 4 in Fighting
  1972 | D:10     | Reached skill level 5 in Fighting
  1976 | D:10     | HP: 4/88 [yak (7)]
  2064 | D:10     | Reached skill level 6 in Fighting
  2071 | D:10     | Reached *** piety under Okawaru
  2200 | D:11     | Found a staircase to the Lair.
  2261 | D:11     | Reached skill level 7 in Fighting
  2320 | D:11     | Reached XP level 10. HP: 76/102 MP: 9/9
  2355 | D:11     | Noticed Gastronok
  2370 | D:11     | Killed Gastronok
  2370 | D:11     | Reached skill level 8 in Fighting
  2443 | D:11     | Noticed a hill giant
  2450 | D:11     | Killed a hill giant
  2450 | D:11     | Reached **** piety under Okawaru
  2450 | D:11     | Reached skill level 9 in Fighting
  2460 | D:11     | Noticed a hill giant
  2468 | D:11     | Killed a hill giant
  2570 | D:12     | Reached skill level 10 in Fighting
  2656 | D:14     | Noticed a gargoyle
  2659 | D:14     | Killed a gargoyle
  2659 | D:14     | Reached XP level 11. HP: 105/119 MP: 7/10
  2662 | D:14     | Found a gateway to a bazaar.
  2823 | D:15     | Entered Level 15 of the Dungeon
  2828 | D:15     | Noticed a tengu warrior
  2831 | D:15     | Noticed an ettin
  2857 | D:15     | Noticed a hell knight
  2865 | D:14     | Killed a tengu warrior
  2865 | D:14     | Reached ***** piety under Okawaru
  2865 | D:14     | Reached skill level 11 in Fighting
  3026 | D:14     | Killed an unseen horror
  3080 | D:14     | Noticed a skeletal warrior
  3080 | D:14     | Noticed a skeletal warrior
  3088 | D:14     | Noticed a skeletal warrior
  3092 | D:14     | Killed a skeletal warrior
  3118 | D:14     | Noticed a deep elf mage
  3184 | D:14     | Noticed a hill giant
  3187 | D:14     | Reached skill level 12 in Fighting
  3196 | D:14     | Killed a hill giant
  3196 | D:14     | Reached skill level 3 in Shields
  3217 | D:15     | Found a staircase to the Depths.
  3233 | D:15     | HP: 4/123 [ettin/enchanted dire flail (19)]
  3233 | D:15     | Annihilated by an ettin

Vault maps used:
D:1:      erik_arrival_orb_chamber, minmay_misc_feat_cross
D:2:      first_bread, lexackson_kobold_supper, uniq_robin, uniq_iyjb
D:3:      serial_curves, eino_curves_03, eino_curves_04, eino_curves_01,
          cheibrodos_ashenzari_chains, uniq_grinder
D:4:      marbit_many_paths, minmay_small_thing
D:5:      corexii_shantytown, overflow_temple_1_default
D:6:      grunt_temple_overflow_opulence, minivault_14, uniq_eustachio
D:7:      kiku_gazebo_pond_becter
D:8:      kennysheep_mini, hangedman_ranch, roderic_curled_sauvastika,
          uniq_erica
D:9:      minitemple, uniq_joseph
D:10:     basic_altar
D:11:     grunt_lair_entry_orc_guard_hut, uniq_josephine, uniq_gastronok
D:12:     hiddenorc1_lemuel, uniq_kirke, uniq_snorg, uniq_urug
D:13:     basic_altar, uniq_erolcha
D:14:     david_vaults_1, serial_shops, bzr_entry_water
D:15:     hangedman_depths_entry_civil_slaughter, serial_shops, shop,
          hangedman_weighted_door
Temple:   oiseaux_autumnal_temple

Skill      XL: |  1  2  3  4  5  6  7  8  9 10 11 |
---------------+----------------------------------+-----
Unarmed Combat | 4 6 7 9 11 12 | 12.0
Fighting       | 7 10 12 | 12.0
Shields        | 3 |  3.1
Dodging        | |  2.4

Action                   |  1- 3 |  4- 6 |  7- 9 | 10-12 || total
-------------------------+-------+-------+-------+-------++-------
Melee: Unarmed           |    45 |    81 |   253 |   200 ||   579
Throw: Large rock        |       |       |     3 |       ||     3
Invok: Heroism           |       |       |     9 |    22 ||    31
  Use: Scroll            |     2 |     1 |    10 |     6 ||    19
       Potion            |     1 |     1 |       |       ||     2
 Stab: Sleeping          |       |       |     1 |       ||     1
       Distracted        |       |       |       |     1 ||     1
  Eat: Chunk             |     4 |     8 |    12 |    11 ||    35
Armor: Robe              |    23 |    15 |    60 |    24 ||   122
       Skin              |       |    10 |       |       ||    10
Dodge: Dodged            |    18 |    18 |    69 |    56 ||   161
Block: Shield            |    31 |    32 |    92 |    71 ||   226

Table legend:
 A = Turns spent in this place as a percentage of turns spent in the entire game.
 B = Non-inter-level travel turns spent in this place as a percentage of non-inter-level travel turns spent in the entire game.
 C = Inter-level travel turns spent in this place as a percentage of turns spent in this place.
 D = Turns resting spent in this place as a percentage of non-inter-level travel turns spent in this place.
 E = Turns spent auto-exploring this place as a percentage of non-inter-level travel turns spent in this place.
 F = Non-inter-level travel turns spent in this place divided by the number of levels of this place that you've seen.
                   A       B       C       D       E      F
               +-------+-------+-------+-------+-------+----------------------
         Total | 100.0 | 100.0 |   0.0 |   0.1 |   0.0 | 202.2
       Dungeon |  96.8 |  96.8 |   0.0 |   0.1 |   0.0 | 208.8
        Temple |   3.2 |   3.2 |   0.0 |   0.0 |   0.0 | 103.0
               +-------+-------+-------+-------+-------+----------------------

Table legend:
 A = Kills in this place as a percentage of kills in entire the game.
 B = Kills by you in this place as a percentage of kills by you in the entire game.
 C = Kills by friends in this place as a percentage of kills by friends in the entire game.
 D = Other kills in this place as a percentage of other kills in the entire game.
 E = Experience gained in this place as a percentage of experience gained in the entire game.
 F = Experience gained in this place divided by the number of levels of this place that you have seen.
                   A       B       C       D       E      F
               +-------+-------+-------+-------+-------+----------------------
         Total | 100.0 | 100.0 |  -nan |  -nan | 100.0 | 1102.8
       Dungeon | 100.0 | 100.0 |  -nan |  -nan | 100.0 | 1176.3
               +-------+-------+-------+-------+-------+----------------------
